 Dungeon Crawl Stone Soup version 0.30-a0-23-ge60ba3568b (webtiles) character file.

Game seed: 12519702044189138020

19 jfcaron the Trooper (level 2, -3/25 HPs)
             Began as a Formicid Monk on Aug 26, 2022.
             Slain by a goblin
             ... wielding a +2 dagger of electrocution
              (18 damage)
             ... on level 1 of the Dungeon.
             The game lasted 00:01:29 (990 turns).

jfcaron the Trooper (Formicid Monk)                  Turns: 990, Time: 00:01:32

Health: -3/25      AC:  4    Str: 15    XL:     2   Next: 95%
Magic:  2/2        EV: 12    Int:  9    God:
Gold:   19         SH:  0    Dex: 16    Spells: 1/1 levels left

rFire   . . .      SeeInvis +    a - +0 mace
rCold   . . .      Faith    .    (no shield)
rNeg    . . .      Spirit   .    j - +0 leather armour
rPois   .          Reflect  .    (helmet unavailable)
rElec   .          Harm     .    (no cloak)
rCorr   .          Rampage  .    h - +0 pair of gloves
Will    .....                    (no boots)
Stlth   +.........               (no amulet)
HPRegen 0.08/turn                (no ring)
MPRegen 0.08/turn                (no ring)

@: confused, ambrosia-drunk
A: permanent stasis, dig shafts and tunnels, antennae 3, four strong arms
a: Dig, Shaft Self


You were on level 1 of the Dungeon.
You visited 1 branch of the dungeon, and saw 2 of its levels.

You collected 19 gold pieces.

Inventory:

Hand Weapons
 a - a +0 mace (weapon)
Missiles
 g - 2 stones
Armour
 b - a +0 robe
 h - a +0 pair of gloves (worn)
 j - a +0 leather armour (worn)
Scrolls
 e - a scroll of noise {unknown}
 f - a scroll of fear {unknown}
 i - a scroll of magic mapping {unknown}
 k - a scroll of blinking {unknown}
 n - a scroll of teleportation {unknown}
Potions
 d - a potion of mutation {unknown}
 l - a potion of curing {unknown}
 m - a potion of brilliance {unknown}


   Skills:
 + Level 3.7 Fighting
 + Level 3.3 Maces & Flails
 - Level 3.0 Dodging
 - Level 2.4 Stealth


You had one spell level left.
You didn't know any spells.
Your spell library contained the following spells:

 Spells                   Type           Power      Damage    Failure   Level
 Necrotise                Necr           0%         1d4       45%         1
 Vampiric Draining        Necr           0%         2d6       83%         3
 Agony                    Necr           0%         N/A       100%        5


Dungeon Overview and Level Annotations

Branches:
Dungeon (2/15)

Altars:


Innate Abilities, Weirdness & Mutations

You cannot be hasted, slowed, berserked, paralysed or teleported.
You can dig through walls and to a lower floor.
You have a pair of large antennae on your head. (SInv)
Your four strong arms can wield two-handed weapons with a shield.


Message History

There is a stone staircase leading up here.
There are monsters nearby!
The kobold barely misses you.
The goblin shouts!
You closely miss the kobold. The goblin completely misses you.
The kobold completely misses you.
You closely miss the kobold.
A giant cockroach comes into view.
The goblin closely misses you.
The kobold hits you with a +3 dagger of venom.
You are poisoned.
You closely miss the kobold.
You feel very sick.
The goblin hits you with a +2 dagger of electrocution.
The kobold hits you with a +3 dagger of venom.
You closely miss the kobold.
You feel sick. The goblin barely misses you. The kobold completely misses you.
The kobold attacks as you move away! The kobold barely misses you.
The goblin attacks as you move away!
The goblin hits you with a +2 dagger of electrocution.
You feel sick.
There is a stone staircase leading up here.
You feel sick. The goblin hits you but does no damage.
You climb upwards.
You feel sick.
There is a stone staircase leading down here.
Press: ? - help, v - describe, . - travel
Here: a goblin, wielding a +2 dagger of electrocution The floor.
Unknown command.
You aren't carrying any items that you can evoke.
You are confused.
You feel invigorated.
You feel sick. The goblin closely misses you.
You hit the goblin.
The goblin is almost dead.
You feel sick.
You are no longer poisoned.
The goblin completely misses you. The goblin hits you but does no damage.
You are electrocuted!!
Ouch! That really hurt!
You die...

........#....#............#.#..♣8
........#...................#.♣..
...............###.#####....#.♣.8
....................# #....#§☼♣♣
.............#.###..# #....#°§..
.............#..##..# #....##§⌠♣
.............##.#...# #....##§..
.............##..g#.# #....##§#♣
.........##'####@.#.# #....##§..
.........##.# #.##.# ##.#.##.##
.........##.# #.##.# #.#.##.##
.........##.# #.##.#####.#.##.#
........[##.# #.##.........##.#
.........##.# #.########.####.#
###########.####.# #.####.#
#......# #......# ########
########


You could see a goblin.

Vanquished Creatures
  A dart slug (D:1)
  An endoplasm (D:1)
  3 goblins (D:1)
  4 kobolds (D:1)
  A quokka (D:1)
  3 bats (D:1)
  2 rats (D:1)
15 creatures vanquished.

Notes
Turn   | Place    | Note
-------+----------+-------------------------------------------
     0 | D:1      | jfcaron the Formicid Monk began the quest for the Orb.
     0 | D:1      | Reached XP level 1. HP: 18/18 MP: 1/1
   129 | D:1      | Reached XP level 2. HP: 21/24 MP: 2/2
   990 | D:1      | Slain by a goblin

Illustrated notes

Levels and vault maps discovered:
D:1:      heliophobic_arrival_enchanted_forest, layout_basic
D:2:      layout_basic, basic_altar

Skill      XL: |  1  2 |
---------------+-------+-----
Dodging        | 3 |  3.0
Fighting       | |  3.7
Maces & Flails | |  3.3
Stealth        | |  2.4

Action                   || total
-------------------------++-------
Melee: Mace              ||    62
  Use: Potion            ||     1
 Stab: Sleeping          ||     1
Armor: Robe              ||    12
       Leather armour    ||    13
Dodge: Dodged            ||    57

Table legend: (Time is in decaauts)
 A = Elapsed time spent in this place.
 B = Non-inter-level travel time spent in this place.
 C = Inter-level travel time spent in this place.
 D = Time resting spent in this place.
 E = Time spent auto-exploring this place.
 F = Levels seen in this place.
 G = Mean time per level.
                   A        B        C        D        E       F      G
               +--------+--------+--------+--------+--------+-----+--------+
         Total |   1004 |    961 |     43 |     79 |    707 |   2 |  502.0 |
       Dungeon |   1004 |    961 |     43 |     79 |    707 |   2 |  502.0 |
               +--------+--------+--------+--------+--------+-----+--------+

Top non-repeatable levels by time:
     D:1: 995 daAuts
     D:2: 8 daAuts
